 Dungeon Crawl Stone Soup version 0.25-a0-356-g7c9d860 (webtiles) character file.

Game seed: 9820678832250410074, levelgen mode: deterministic

1150 CanOfBees the Magician (level 8, 0/46 HPs)
             Began as a Deep Elf Summoner on Jan 3, 2020.
             Was a Believer of Sif Muna.
             Succumbed to a worker ant's poison
             ... on level 6 of the Dungeon.
             The game lasted 00:12:45 (11060 turns).

CanOfBees the Magician (Deep Elf Summoner)         Turns: 11060, Time: 00:12:45

Health: 0/46       AC:  4    Str:  5    XL:     8   Next: 15%
Magic:  14/19      EV: 14    Int: 23    God:    Sif Muna [**....]
Gold:   185        SH:  6    Dex: 20    Spells: 5/19 levels left

rFire    . . .     SeeInvis .   y - +0 rapier (drain)
rCold    . . .     Gourm    .   B - +0 buckler
rNeg     . . .     Faith    .   a - +0 robe
rPois    .         Spirit   .   (no helmet)
rElec    .         Reflect  .   I - +0 cloak
rCorr    .         Harm     .   (no gloves)
MR       .....                  s - +0 pair of boots
Stlth    ++........             (no amulet)
HPRegen  0.15/turn              J - +5 ring of dexterity
MPRegen  0.16/turn              (no ring)

@: lethally poisoned (0 -> -1)
A: no striking features
a: Channel Magic, Renounce Religion


You were on level 6 of the Dungeon.
You worshipped Sif Muna.
Sif Muna was pleased with you.
You were hungry.

You visited 1 branch of the dungeon, and saw 6 of its levels.

You collected 249 gold pieces.
You spent 64 gold pieces at shops.

Inventory:

Hand Weapons
 f - a +2 whip of flaming
 y - a +0 rapier of draining (weapon)
Missiles
 d - 56 arrows
 k - 245 stones (quivered)
 l - 19 sling bullets
 p - 18 bolts
 w - 3 throwing nets
 C - 2 boomerangs
 E - 9 poisoned darts
Armour
 a - a +0 robe (worn)
 s - a +0 pair of boots (worn)
 B - a +0 buckler (worn)
 I - a +0 cloak (worn)
Jewellery
 J - a +5 ring of dexterity (left hand)
Wands
 g - a wand of paralysis (7)
 A - a wand of iceblast (7)
Scrolls
 e - 2 scrolls of blinking {unknown}
 h - 3 scrolls of remove curse
 j - 3 scrolls of teleportation
 v - a scroll of fear {unknown}
 z - a scroll of enchant armour {unknown}
 D - 2 scrolls of enchant weapon {unknown}
 F - a scroll of fog
 G - 3 scrolls of magic mapping {unknown}
 K - a scroll of random uselessness {unknown}
Potions
 b - a potion of haste
 i - 2 potions of flight {unknown}
 m - a potion of resistance {unknown}
 n - 2 potions of curing {unknown}
 o - a potion of brilliance {unknown}
 q - 3 potions of agility
 r - 2 potions of magic {unknown}
 t - 2 potions of invisibility
 u - a potion of ambrosia {unknown}
 x - a potion of might
 H - a potion of berserk rage {unknown}
 L - a potion of heal wounds
Comestibles
 c - 11 rations
 M - a chunk of flesh


   Skills:
 + Level 3.5 Fighting
 - Level 3.4 Dodging
 - Level 2.4 Stealth
 - Level 4.0 Shields
 - Level 6.1 Spellcasting
 + Level 5.4 Summonings
 + Level 3.8 Air Magic


You had 5 spell levels left.
You knew the following spells:

 Your Spells              Type           Power        Failure   Level  Hunger
a - Summon Small Mammal   Summ           ####         1%          1    None
b - Call Imp              Summ           ####....     1%          2    None
c - Call Canine Familiar  Summ           ####....     2%          3    #......
d - Summon Lightning Spi  Summ/Air       ####....     12%         4    ###....
e - Summon Ice Beast      Ice/Summ       ###.....     26%         4    ###....

Your spell library contained the following spells:

 Spells                   Type           Power        Failure   Level  Hunger
 Summon Guardian Golem    Hex/Summ       ###.....     9%          3    #......


Dungeon Overview and Level Annotations

Branches:
Dungeon (6/15)
 Temple: D:4-7

Altars:
Ashenzari
Cheibriados
Elyvilon
Kikubaaqudgha
Makhleb
Qazlal
Sif Muna
Xom
Yredelemnul

Shops:
D:4 (}*[*

Annotations:
D:3 1 runed translucent door, probablyafish's ghost, amateur DgFi


Message History

Your lightning spire shoots out a bolt of lightning at the wyvern skeleton!
The bolt of electricity hits the wyvern skeleton! x2
The bolt of electricity hits your lightning spire.
Your lightning spire completely resists.
The bolt of electricity hits your lightning spire.
Your lightning spire completely resists.
The wyvern skeleton barely misses your lightning spire.
You hit the wyvern skeleton.
The wyvern skeleton is severely damaged.
Your lightning spire disappears in a puff of smoke!
The wyvern skeleton closely misses you.
You hit the wyvern skeleton.
The wyvern skeleton is almost destroyed.
The wyvern skeleton bites you!
* * * LOW HITPOINT WARNING * * *
The wyvern skeleton bites you!
* * * LOW HITPOINT WARNING * * *
You hit the wyvern skeleton.
The wyvern skeleton is almost destroyed.
You die...

#### #.# #..#
#.## ...##
##.## ....##
#..# .....#
##.## .....##
#..# ......#
##.## ......##
##.§###
.......#
#.@Z..###
.......#
##..##...##
.......##
##..#####..###
........#
#..## ##...###
........#
##..#
###..§###
.......##
##..##
###...##..
.......# #..##
##..(.(.
.[....## ##..#
###[...
......# ##..##
#..


You could see a wyvern skeleton.

Vanquished Creatures
  Pikel (D:5)
  A centaur (D:6)
  Blork the orc (D:6)
  Dowan (D:6)
  Natasha (D:4)
  2 iguanas (D:5)
  A hound skeleton (D:3)
  3 adders
  A shadow imp (D:5)
  2 oozes
  3 dart slugs
  A worm (D:2)
  A leopard gecko (D:5)
  6 orcs
  4 ball pythons
  4 giant cockroaches
  4 goblins
  3 hobgoblins
  4 jackals
  4 quokkas
  5 bats
  5 frilled lizards
  6 rats
64 creatures vanquished.

Vanquished Creatures (collateral kills)
  Edmund (D:5)
  Duvessa (D:6)
  An ice beast (D:5)
  An ogre (D:5)
  A scorpion (D:4)
  2 crimson imps (D:5)
  Crazy Yiuf (D:5)
  A hound (D:6)
  An orc priest (D:6)
  An iguana (D:4)
  Natasha (twice) (D:4)
  3 worker ants
  4 gnolls (D:2)
  6 adders
  2 worms
  3 dart slugs
  11 orcs
  A ball python (D:4)
  3 bats
  5 hobgoblins
  4 jackals (D:5)
  4 goblins
  2 kobolds
  A leopard gecko skeleton (D:5)
62 creatures vanquished.

Vanquished Creatures (others)
  Menkaure (D:5)
  A worker ant (D:5)
  A jackal (D:5)
  A quokka (D:6)
4 creatures vanquished.

Grand Total: 130 creatures vanquished

Notes
Turn   | Place    | Note
-------+----------+-------------------------------------------
     0 | D:1      | CanOfBees the Deep Elf Summoner began the quest for the
                  | Orb.
     0 | D:1      | Reached XP level 1. HP: 10/10 MP: 6/6
   533 | D:1      | Reached XP level 2. HP: 11/16 MP: 8/8
   632 | D:1      | Learned a level 2 spell: Call Imp
  2317 | D:2      | Found a shimmering blue altar of Sif Muna.
  2323 | D:2      | Became a worshipper of Sif Muna the Loreminder
  2525 | D:2      | Reached XP level 3. HP: 19/20 MP: 5/10
  2992 | D:2      | Reached skill level 4 in Spellcasting
  3375 | D:2      | Reached skill level 1 in Fighting
  3591 | D:2      | Found a shattered altar of Ashenzari.
  3695 | D:2      | Reached XP level 4. HP: 25/25 MP: 8/12
  4214 | D:3      | Reached * piety under Sif Muna
  4624 | D:3      | Found a stormy altar of Qazlal.
  4624 | D:3      | Found an ancient bone altar of Kikubaaqudgha.
  5211 | D:3      | Reached skill level 5 in Summonings
  5219 | D:3      | Reached skill level 5 in Spellcasting
  5406 | D:3      | Learned a level 3 spell: Call Canine Familiar
  5411 | D:3      | Learned a level 4 spell: Summon Lightning Spire
  5455 | D:3      | Found a runed translucent door.
  5455 | D:3      | Noticed probablyafish's ghost (amateur DgFi)
  6104 | D:3      | Reached XP level 5. HP: 29/29 MP: 14/14
  6121 | D:3      | Learned a level 4 spell: Summon Ice Beast
  6196 | D:4      | Found Biemel's Antique Armour Emporium.
  6316 | D:4      | Noticed Natasha
  6325 | D:4      | Killed Natasha
  6341 | D:4      | Found Gaugeps's Gadget Shop.
  6526 | D:4      | Found Disicyuc's General Store.
  6529 | D:4      | Bought a scroll of remove curse for 42 gold pieces
  6853 | D:4      | Found Cyonopur's General Store.
  6878 | D:4      | Bought a scroll of fog for 22 gold pieces
  7052 | D:4      | Found a snail-covered altar of Cheibriados.
  7091 | D:4      | Noticed Natasha
  7102 | D:4      | Reached skill level 1 in Shields
  7102 | D:4      | Reached skill level 1 in Air Magic
  7107 | D:4      | Killed Natasha
  7275 | D:4      | Found a burning altar of Makhleb.
  7275 | D:4      | Noticed an Executioner
  7491 | D:4      | Noticed Natasha
  7496 | D:4      | Killed Natasha
  7523 | D:4      | Found Wiliczed's Weapon Shop.
  7565 | D:4      | Found a shimmering altar of Xom.
  7566 | D:4      | Found a basalt altar of Yredelemnul.
  7797 | D:5      | Entered Level 5 of the Dungeon
  7847 | D:5      | Noticed a slave
  7847 | D:5      | Noticed a slave
  7932 | D:5      | Reached XP level 6. HP: 31/35 MP: 13/15
  7991 | D:5      | Noticed Pikel
  7996 | D:5      | Noticed a slave
  7997 | D:5      | Noticed a slave
  8006 | D:5      | Killed Pikel
  8006 | D:5      | Reached ** piety under Sif Muna
  8006 | D:5      | Reached XP level 7. HP: 24/40 MP: 8/16
  9432 | D:5      | Killed Menkaure
  9555 | D:5      | Found a runed translucent door.
  9556 | D:5      | Noticed Crazy Yiuf
  9930 | D:5      | Killed Crazy Yiuf
 10303 | D:6      | Noticed Edmund
 10326 | D:5      | Killed Edmund
 10506 | D:6      | Noticed Blork the orc
 10522 | D:6      | Killed Blork the orc
 10522 | D:6      | Reached XP level 8. HP: 19/46 MP: 15/18
 10838 | D:6      | Noticed Duvessa
 10841 | D:6      | Found a white marble altar of Elyvilon.
 10842 | D:6      | Noticed Dowan
 11054 | D:6      | Killed Duvessa
 11054 | D:6      | Reached skill level 6 in Spellcasting
 11057 | D:6      | Killed Dowan
 11059 | D:6      | HP: 1/46 [wyvern skeleton (9)]
 11060 | D:6      | Succumbed to a worker ant's poison

Levels and vault maps discovered:
D:1:      wander_arrival_estate, layout_loops_corners
D:2:      layout_loops_ring, lemuel_crystal_altar, lemuel_crystal_altar,
          minmay_misc_feat_diagonals
D:3:      layout_basic, lemuel_crystal_altar, ebering_ghost_reflecting_pool,
          nicolae_qazlal_general_emergency
D:4:      layout_basic, kennysheep_little_box, gammafunk_temple_overflow_pools,
          serial_shops, shop, nicolae_shop_stone, kennysheep_mini_moat, shop,
          shop, makhleb_altar_promises_db, uniq_natasha
D:5:      layout_gridville, first_ration, minivault_27, uniq_pikel,
          uniq_crazy_yiuf_cottage, uniq_menkaure
D:6:      layout_cave_pods, elyvilon_altar_4, uniq_blork_the_orc, uniq_duvessa,
          uniq_edmund, uniq_sigmund

Skill      XL: |  1  2  3  4  5  6  7  8 |
---------------+-------------------------+-----
Spellcasting   | 4 5 6 |  6.1
Dodging        | 3 |  3.4
Fighting       | 1 2 3 |  3.5
Summonings     | 5 |  5.4
Shields        | 1 3 4 |  4.0
Air Magic      | 1 2 3 |  3.8
Stealth        | |  2.4

Action                   |  1- 3 |  4- 6 |  7- 9 || total
-------------------------+-------+-------+-------++-------
Melee: Short sword       |    97 |    15 |       ||   112
       Unarmed           |     3 |       |       ||     3
       Rapier            |       |   120 |   108 ||   228
Throw: Stone             |     1 |    18 |    17 ||    36
 Cast: Summon Small Mamm |    15 |       |       ||    15
       Call Imp          |    22 |    31 |    19 ||    72
       Call Canine Famil |       |     8 |    10 ||    18
       Summon Lightning  |       |       |     2 ||     2
  Use: Scroll            |       |     6 |       ||     6
       Potion            |       |     1 |       ||     1
 Stab: Sleeping          |    10 |     1 |       ||    11
       Distracted        |       |     1 |     2 ||     3
  Eat: Chunk             |     9 |    14 |     6 ||    29
       Ration            |       |       |     1 ||     1
Armor: Robe              |    19 |    34 |    22 ||    75
Dodge: Dodged            |    84 |   131 |    76 ||   291
Block: Buckler           |       |    20 |    36 ||    56

Table legend:
 A = Non-vault XP
 B = Vault XP
 C = Vault XP percentage of total XP
 D = Non-vault monster count
 E = Vault monster count
 F = Vault count percentage of total count
                 A         B        C        D         E       F
            +---------+---------+-------+---------+---------+-------
      Total |     893 |     751 |  45.7 |     119 |       7 |   5.6
            +---------+---------+-------+---------+---------+-------
        D:1 |      29 |       0 |   0.0 |      20 |       0 |   0.0
        D:2 |      80 |       0 |   0.0 |      28 |       0 |   0.0
        D:3 |      90 |       0 |   0.0 |      24 |       0 |   0.0
        D:4 |     150 |      17 |  10.2 |      15 |       1 |   6.2
        D:5 |     346 |     549 |  61.3 |      23 |       3 |  11.5
        D:6 |     198 |     185 |  48.3 |       9 |       3 |  25.0
            +---------+---------+-------+---------+---------+-------
